 Dungeon Crawl Stone Soup version 0.24-a0-762-gca426f56c8 (webtiles) character file.

Game seed: 16812281707682059751, levelgen mode: deterministic

1545 Froggeryz the Arsonist (level 8, -1/41 HPs)
             Began as a Deep Elf Fire Elementalist on Oct 3, 2019.
             Was a Follower of Vehumet.
             Slain by a gnoll
             ... wielding a +0 spear
              (4 damage)
             ... on level 6 of the Dungeon.
             The game lasted 00:15:53 (6318 turns).

Froggeryz the Arsonist (Deep Elf Fire Elementalist) Turns: 6318, Time: 00:15:53

Health: -1/41      AC:  2    Str:  6    XL:     8   Next: 56%
Magic:  11/16      EV: 13    Int: 22    God:    Vehumet [*.....]
Gold:   126        SH:  5    Dex: 15    Spells: 7/15 levels left

rFire    + + .     SeeInvis .   l - +2 mace (crush)
rCold    . . .     Gourm    .   n - +0 buckler
rNeg     . . .     Faith    .   a - +0 robe
rPois    .         Spirit   .   (no helmet)
rElec    .         Reflect  .   (no cloak)
rCorr    .         Harm     .   (no gloves)
MR       .....                  (no boots)
Stlth    +.........             (no amulet)
HPRegen  0.13/turn              j - ring of protection from fire
MPRegen  0.15/turn              s - ring of attention (curse)

@: lethally poisoned (-1 -> -15), hasted, very quick
A: blink, fire resistance 1
a: Blink, Renounce Religion


You were on level 6 of the Dungeon.
You worshipped Vehumet.
Vehumet was aware of your devotion.
You were not hungry.

You visited 1 branch of the dungeon, and saw 6 of its levels.

You collected 126 gold pieces.

Inventory:

Hand Weapons
 k - a +0 quarterstaff
 l - a +2 mace of crushing (weapon)
Missiles
 g - 8 atropa-tipped darts (quivered)
Armour
 a - a +0 robe (worn)
 n - a +0 buckler (worn)
Jewellery
 j - a ring of protection from fire (left hand)
 o - an uncursed amulet of harm {unknown}
 s - a cursed ring of attention (right hand)
Wands
 h - a wand of polymorph (2)
 p - a wand of flame (17)
Scrolls
 b - a scroll of enchant weapon
 d - 4 scrolls of identify
 e - 3 scrolls of remove curse {unknown}
 f - a scroll of blinking
 i - 4 scrolls of teleportation
 t - 3 scrolls of magic mapping
 u - a scroll of vulnerability {unknown}
Potions
 r - a potion of brilliance
Comestibles
 c - 9 rations
 q - 2 chunks of flesh


   Skills:
 - Level 2.4 Dodging
 - Level 2.4 Stealth
 * Level 5.3 Shields
 - Level 4.0 Spellcasting
 - Level 5.3 Conjurations
 - Level 8.0 Fire Magic


You had 7 spell levels left.
You knew the following spells:

 Your Spells              Type           Power        Failure   Level  Hunger
a - Flame Tongue          Conj/Fire      ####.        1%          1    None
b - Conjure Flame         Conj/Fire      ####....     2%          3    ###....
c - Sticky Flame          Conj/Fire      ####....     7%          4    ####...

Your spell library contained the following spells:

 Spells                   Type           Power        Failure   Level  Hunger
 Sandblast                Erth           #.....       11%         1    None
 Magic Dart               Conj           ####         1%          1    None
 Throw Flame              Conj/Fire      ####..       1%          2    #......
 Inner Flame              Hex/Fire       ###.....     6%          3    ###....
 Mephitic Cloud           Conj/Pois/Air  ##......     16%         3    ###....
 Blink                    Tloc           N/A          17%         2    #......
 Call Imp                 Summ           #.......     17%         2    #......
 Slow                     Hex            #.......     17%         2    #......
 Fireball                 Conj/Fire      ####......   21%         5    ######.


Dungeon Overview and Level Annotations

Branches:
Dungeon (6/15)
 Temple: D:4-7

Altars:
Dithmenos
Fedhas
Uskayaw
Vehumet
Xom

Shops:
D:4 =

Annotations:
D:4 exclusion: statue


Innate Abilities, Weirdness & Mutations

You can translocate small distances at will.
Your flesh is heat resistant. (rF+)


Message History

Evoke which item? (* to show all) (? for menu, Esc to quit)
Aiming: Polymorph
Press: ? - help, Shift-Dir - straight line, f/p - gnoll
Aim: a gnoll, wielding a +0 spear of venom (heavily wounded, chance to defeat MR: 54%)
The gnoll resists with significant effort.
You feel sick. The gnoll closely misses you.
Evoke which item? (* to show all) (? for menu, Esc to quit)
Aiming: Polymorph
Press: ? - help, Shift-Dir - straight line, f/p - gnoll
Aim: a gnoll, wielding a +0 spear of venom (heavily wounded, chance to defeat MR: 54%)
The gnoll evaporates and reforms as a river rat!
You feel sick.
The gnoll hits you from afar with a +0 spear!
* * * LOW HITPOINT WARNING * * *
Unknown command.
It was a potion of haste.
You feel yourself speed up.
* * * LOW HITPOINT WARNING * * *
You feel sick. You block the river rat's attack.
The gnoll hits you from afar with a +0 spear.
You die...

##...≈#≈≈≈≈....>. ....)≈≈≈...
#.... . #.....###.....
..###............
......##.........
.................
.####(.)g...$.... ..
####.)..rg.(...#.
..##.......@......#
#................##. #
#..#................
..##..###............?.
......##.)............. ..#
.......#).#.......#.######...
.......)[###......###......#
..)..>............# #..#...#
..................###..#..##


You could see 2 gnolls and a river rat.

Vanquished Creatures
  Grinder (D:5)
  Edmund (D:4)
  2 phantoms
  2 ice beasts
  Blork the orc (D:5)
  A scorpion (D:6)
  A howler monkey (D:5)
  2 crimson imps
  2 jellies
  6 orc wizards
  A centaur skeleton (D:4)
  2 hounds
  Ijyb (D:4)
  An iguana (D:4)
  3 worker ants
  Terence (D:3)
  A hound skeleton (D:5)
  A gnoll (D:6)
  5 adders
  A shadow imp (D:5)
  An ooze (D:4)
  2 adder skeletons
  A worm (D:2)
  4 dart slugs
  5 leopard geckos
  18 orcs
  A ball python (D:5)
  9 bats
  8 giant cockroaches
  7 goblins
  7 hobgoblins
  2 jackals (D:1)
  7 kobolds
  2 quokkas
  4 frilled lizards
  A jackal skeleton (D:5)
  5 rats
120 creatures vanquished.

Notes
Turn   | Place    | Note
-------+----------+-------------------------------------------
     0 | D:1      | Froggeryz the Deep Elf Fire Elementalist began the quest
                  | for the Orb.
     0 | D:1      | Reached XP level 1. HP: 10/10 MP: 6/6
   300 | D:1      | Reached XP level 2. HP: 15/15 MP: 4/8
   598 | D:1      | Reached skill level 4 in Fire Magic
   734 | D:1      | Reached XP level 3. HP: 9/19 MP: 6/10
  1473 | D:2      | Learned a level 3 spell: Conjure Flame
  1776 | D:2      | Reached XP level 4. HP: 20/24 MP: 7/12
  1895 | D:2      | Reached skill level 5 in Fire Magic
  1904 | D:2      | Noticed a phantom
  1921 | D:2      | Killed a phantom
  1921 | D:2      | Reached XP level 5. HP: 28/28 MP: 3/13
  2514 | D:3      | Reached skill level 6 in Fire Magic
  2540 | D:3      | Learned a level 4 spell: Sticky Flame
  2682 | D:3      | Noticed Terence
  2699 | D:3      | Killed Terence
  3121 | D:3      | Found a shimmering altar of Xom.
  3184 | D:3      | Reached XP level 6. HP: 5/32 MP: 14/14
  3427 | D:4      | Found a hide-covered altar of Uskayaw.
  4055 | D:4      | Reached skill level 7 in Fire Magic
  4204 | D:4      | Found Lereph's Jewellery Emporium.
  4216 | D:4      | Found a radiant altar of Vehumet.
  4544 | D:4      | Noticed Edmund
  4564 | D:4      | Killed Edmund
  4564 | D:4      | Reached skill level 1 in Shields
  4564 | D:4      | Reached XP level 7. HP: 32/36 MP: 2/15
  5049 | D:4      | Gained mutation: Armour fits poorly on your strangely
                  | shaped body. [potion of mutation]
  5049 | D:4      | Gained mutation: You are resistant to hostile enchantments.
                  | (MR+) [potion of mutation]
  5101 | D:4      | Became a worshipper of Vehumet
  5169 | D:5      | Entered Level 5 of the Dungeon
  5169 | D:5      | Noticed Ijyb
  5183 | D:4      | Killed Ijyb
  5275 | D:5      | Lost mutation: You are resistant to hostile enchantments.
                  | (MR+) [potion of mutation]
  5275 | D:5      | Lost mutation: Armour fits poorly on your strangely shaped
                  | body. [potion of mutation]
  5275 | D:5      | Gained mutation: You expend magic power (3 MP) to
                  | strengthen your wands. [potion of mutation]
  5275 | D:5      | Gained mutation: Your body sometimes deteriorates upon
                  | taking damage. [potion of mutation]
  5275 | D:5      | Gained mutation: Your movements are slightly less
                  | encumbered by armour. (ER -2) [potion of mutation]
  5276 | D:5      | Lost mutation: Your movements are slightly less encumbered
                  | by armour. (ER -2) [potion of mutation]
  5276 | D:5      | Lost mutation: You expend magic power (3 MP) to strengthen
                  | your wands. [potion of mutation]
  5276 | D:5      | Lost mutation: Your body sometimes deteriorates upon taking
                  | damage. [potion of mutation]
  5276 | D:5      | Gained mutation: You can translocate small distances at
                  | will. [potion of mutation]
  5276 | D:5      | Gained mutation: You have large cloven feet. [potion of
                  | mutation]
  5276 | D:5      | Lost mutation: You have large cloven feet. [potion of
                  | mutation]
  5276 | D:5      | Gained mutation: Your flesh is heat resistant. (rF+)
                  | [potion of mutation]
  5301 | D:5      | Reached skill level 8 in Fire Magic
  5498 | D:5      | Found a blossoming altar of Fedhas.
  5498 | D:5      | Found a shadowy altar of Dithmenos.
  5579 | D:5      | Noticed Blork the orc
  5586 | D:5      | Killed Blork the orc
  5749 | D:5      | Reached XP level 8. HP: 32/41 MP: 16/16
  5768 | D:5      | Noticed Grinder
  5769 | D:5      | Paralysed by Grinder for 6 turns
  5786 | D:5      | Killed Grinder
  5786 | D:5      | Reached skill level 5 in Conjurations
  6144 | D:6      | Reached skill level 5 in Shields
  6145 | D:6      | Reached * piety under Vehumet
  6145 | D:6      | Offered knowledge of Sandblast by Vehumet.
  6318 | D:6      | Slain by a gnoll

Levels and vault maps discovered:
D:1:      dpeg_arrival_pond, layout_basic
D:2:      layout_basic, first_ration
D:3:      layout_loops_ring, led_xom_imps, uniq_terence
D:4:      minmay_angry_zag, layout_loops_corners, vehumet_statue,
          lemuel_round_altar, serial_glass, glass_columns_b, glass_columns_c,
          glass_columns_b, glass_columns_a, due_unseen_surprise,
          item_on_display_a, serial_shops, nicolae_shop_trees,
          grunt_ministairs_11, uniq_edmund
D:5:      layout_loops_ring, gammafunk_temple_overflow_pools,
          uniq_blork_the_orc, uniq_ijyb, uniq_grinder
D:6:      layout_cave_pools, nicolae_lava_and_water

Skill      XL: |  1  2  3  4  5  6  7  8 |
---------------+-------------------------+-----
Fire Magic     | 4 5 6 7 8 |  8.0
Spellcasting   | 4 |  4.0
Conjurations   | 2 3 4 5 |  5.3
Shields        | 1 3 5 |  5.3
Dodging        | |  2.4
Stealth        | |  2.4

Action                   |  1- 3 |  4- 6 |  7- 9 || total
-------------------------+-------+-------+-------++-------
Melee: Short sword       |    52 |    11 |       ||    63
       Mace              |       |    60 |    44 ||   104
       Quarterstaff      |       |    19 |       ||    19
Throw: Dart              |       |     1 |       ||     1
 Cast: Flame Tongue      |    65 |    70 |    47 ||   182
       Conjure Flame     |       |     4 |     2 ||     6
       Sticky Flame      |       |     8 |    17 ||    25
Evoke: Wand              |       |       |     2 ||     2
  Use: Scroll            |       |     9 |       ||     9
       Potion            |       |     2 |     8 ||    10
 Stab: Sleeping          |     5 |     2 |       ||     7
  Eat: Chunk             |     2 |    10 |     6 ||    18
       Ration            |       |       |     1 ||     1
Armor: Robe              |    15 |    16 |     8 ||    39
Dodge: Dodged            |    68 |    81 |    40 ||   189
Block: Buckler           |       |       |    21 ||    21

Table legend:
 A = Non-vault XP
 B = Vault XP
 C = Vault XP percentage of total XP
 D = Non-vault monster count
 E = Vault monster count
 F = Vault count percentage of total count
                 A         B        C        D         E       F
            +---------+---------+-------+---------+---------+-------
      Total |    1409 |     799 |  36.2 |     110 |      10 |   8.3
            +---------+---------+-------+---------+---------+-------
        D:1 |      50 |       0 |   0.0 |      27 |       0 |   0.0
        D:2 |     193 |       0 |   0.0 |      18 |       0 |   0.0
        D:3 |      79 |      82 |  50.9 |      19 |       2 |   9.5
        D:4 |     335 |     351 |  51.2 |      20 |       6 |  23.1
        D:5 |     366 |     366 |  50.0 |      16 |       2 |  11.1
        D:6 |     386 |       0 |   0.0 |      10 |       0 |   0.0
            +---------+---------+-------+---------+---------+-------
